 Dungeon Sprint DCSS version 0.29-a0-284-gf9362112df (webtiles) character file.

Game seed: 17616551990167926374

9313 mhtbhm the Impaler (level 11, -9/181 HPs)
             Began as a Minotaur Berserker on Mar 26, 2022.
             Was the Champion of Trog.
             Mangled by an anaconda (16 damage)
             ... in the Dungeon (Sprint III: "The Ten Rune Challenge").
             The game lasted 00:03:25 (3148 turns).

mhtbhm the Impaler (Minotaur Berserker)             Turns: 3148, Time: 00:03:26

Health: -9/181     AC:  8    Str: 27    XL:     11   Next: 21%
Magic:  10/10      EV: 11    Int:  4    God:    Trog [******]
Gold:   21         SH:  0    Dex:  9    Spells: 10/10 levels left

rFire   . . .      SeeInvis .   a - +4 glaive (vorpal)
rCold   . . .      Faith    .   (shield currently unavailable)
rNeg    . . .      Spirit   .   b - +0 scale mail
rPois   .          Reflect  .   (helmet restricted)
rElec   .          Harm     .   (no cloak)
rCorr   .          Rampage  .   (no gloves)
Will    .....      NoTele   +   (no boots)
Stlth   ..........              (no amulet)
HPRegen 0.40/turn               (no ring)
MPRegen 0.12/turn               (no ring)

@: berserking, constricted, very quick
A: horns 2, retaliatory headbutt, mutation resistance 1
a: Renounce Religion, Berserk, Trog's Hand, Brothers in Arms


You were in the Dungeon.
You worshipped Trog.
Trog was exalted by your worship.
You visited 1 branch You collected 21 gold pieces.

Inventory:

Hand Weapons
 a - a +4 vorpal glaive (weapon)
 q - a +3 halberd of flaming
Missiles
 r - 5 silver javelins (quivered)
Armour
 b - a +0 scale mail (worn)
Scrolls
 h - a scroll of blinking
 i - a scroll of vulnerability {unknown}
 l - 2 scrolls of immolation {unknown}
 m - 3 scrolls of identify
Potions
 c - a potion of curing
 d - a potion of heal wounds
 e - 2 potions of haste
 f - 2 potions of magic
 g - 2 potions of berserk rage
 j - 2 potions of might
 k - 2 potions of mutation
 n - a potion of lignification {unknown}
 o - a potion of flight {unknown}
Miscellaneous
 p - a phantom mirror


   Skills:
 + Level 18.5 Fighting
 + Level 20.8 Polearms
 + Level 10.5 Armour
 + Level 12.5 Dodging
 + Level 4.3 Stealth
 + Level 0.6 Evocations


You had 10 spell levels left.
You didn't know any spells.
Your spell library was empty.

Dungeon Overview and Level Annotations

Branches:
Dungeon (1/1)

Altars:
Cheibriados
Dithmenos
Elyvilon
Fedhas
Gozag
Hepliaklqana
Kikubaaqudgha
Makhleb
Nemelex Xobeh
Okawaru
Qazlal
Ru
Sif Muna
Trog
Uskayaw
Vehumet
Wu Jian
Xom
Yredelemnul
Zin
The Shining One
Beogh
Jiyva
Lugonu


Innate Abilities, Weirdness & Mutations

You have a pair of horns on your head.
You reflexively headbutt those who attack you in melee.
You are somewhat resistant to further mutation.


Message History

You are too injured to fight recklessly!
You are too injured to fight recklessly!
You are too injured to fight recklessly!
You are too injured to fight recklessly!
You are too injured to fight recklessly!
You escape the anaconda's grasp.
The anaconda attacks as you move away! The anaconda bites you.
You feel sick.
A red film seems to cover your vision as you go berserk!
You feel yourself moving faster!
You feel mighty!
You feel sick. The anaconda grabs you. The anaconda bites you.
The anaconda constricts you.
The anaconda bites you but does no damage.
The anaconda bites you!
* * * LOW HITPOINT WARNING * * *
The anaconda constricts you.
* * * LOW HITPOINT WARNING * * *
The anaconda bites you!
* * * LOW HITPOINT WARNING * * *
You slash the anaconda! Your headbutt misses the anaconda.
The anaconda is moderately wounded.
The anaconda misses you. The anaconda constricts you.
* * * LOW HITPOINT WARNING * * *
You barely miss the anaconda.
The anaconda is moderately wounded.
You feel sick. The anaconda bites you!
* * * LOW HITPOINT WARNING * * *
The anaconda misses you. The anaconda constricts you.
* * * LOW HITPOINT WARNING * * *
You barely miss the anaconda.
The anaconda is moderately wounded.
The anaconda bites you!
* * * LOW HITPOINT WARNING * * *
The anaconda closely misses you. You furiously retaliate!
You headbutt the anaconda! The anaconda constricts you.
* * * LOW HITPOINT WARNING * * *
You miss the anaconda.
The anaconda is severely wounded.
You feel sick.
You are no longer poisoned.
The anaconda bites you!
You die...

#..♣♣ ♣♣♣##+#
###†♣♣♣♣♣♣♣♣♣♣♣♣♣♣♣
♣♣♣♣.##..##≈≈≈≈≈≈..#
♣...##.##.#≈≈≈≈≈...#
♣♣.##.##)##'≈≈≈≈≈####
♣..#.##[..#≈≈....○☼§
♣♣†##.##..#≈..+####
♣♣.##.#####...#
♣.....##@S....#
########S######
#S....... #........
#########


You could see 2 anacondas and a water moccasin.

Vanquished Creatures
  Erolcha (D)
  2 hydras (D)
  An anaconda (D)
  Urug (D)
  A death drake (D)
  A lindwurm (D)
  A deep elf pyromancer (D)
  2 cane toads (D)
  2 black mambas (D)
  A komodo dragon (D)
  3 wandering mushrooms (D)
  2 tyrant leeches (D)
  A shadow (D)
  A spatial vortex (D)
  5 redbacks (D)
  2 water moccasins (D)
  4 two-headed ogres (D)
  A necrophage (D)
  A water elemental (D)
  An electric eel (D)
  A jelly (D)
  Jessica (D)
  A wizard (D)
  A necromancer (D)
  3 humans (D)
  A kobold demonologist (D)
  A wolf (D)
  An endoplasm (D)
  A rat (D)
45 creatures vanquished.

Vanquished Creatures (collateral kills)
  A two-headed ogre (D)
1 creature vanquished.

Grand Total: 46 creatures vanquished

Notes
Turn   | Place    | Note
-------+----------+-------------------------------------------
     0 | D        | mhtbhm the Minotaur Berserker began the quest for the Orb.
     0 | D        | Reached XP level 1. HP: 19/19 MP: 0/0
     9 | D        | Reached skill level 4 in Polearms
    24 | D        | Noticed Jessica
    28 | D        | Killed Jessica
    28 | D        | Reached ** piety under Trog
    29 | D        | Reached skill level 5 in Fighting
    29 | D        | Reached skill level 5 in Polearms
    29 | D        | Reached XP level 2. HP: 30/30 MP: 1/1
    59 | D        | Reached skill level 6 in Polearms
    59 | D        | Reached XP level 3. HP: 20/37 MP: 2/2
   295 | D        | Gained mutation: You are somewhat resistant to further
                  | mutation. [potion of mutation]
   298 | D        | Noticed a water elemental
   304 | D        | Killed a water elemental
   305 | D        | Reached skill level 8 in Polearms
   305 | D        | Reached XP level 4. HP: 48/48 MP: 3/3
   367 | D        | Found a basalt altar of Yredelemnul.
   367 | D        | Found a shadowy altar of Dithmenos.
   367 | D        | Found a sacrificial altar of Ru.
   367 | D        | Noticed a necrophage
   372 | D        | Killed a necrophage
   372 | D        | Reached *** piety under Trog
   373 | D        | Reached skill level 9 in Polearms
   373 | D        | Reached XP level 5. HP: 54/56 MP: 4/4
   375 | D        | Reached skill level 5 in Dodging
   487 | D        | Found a hide-covered altar of Uskayaw.
   487 | D        | Found an iron altar of Okawaru.
   487 | D        | Found a bloodstained altar of Trog.
   487 | D        | Found an ornate altar of the Wu Jian Council.
   487 | D        | Noticed a human
   487 | D        | Noticed a human
   492 | D        | Killed a human
   493 | D        | Reached skill level 10 in Fighting
   493 | D        | Reached skill level 10 in Polearms
   493 | D        | Reached skill level 5 in Armour
   493 | D        | Reached XP level 6. HP: 66/66 MP: 5/5
   497 | D        | Killed a human
   497 | D        | Reached **** piety under Trog
   498 | D        | Reached skill level 11 in Polearms
   655 | D        | Found a glowing silver altar of Zin.
   655 | D        | Found a glowing golden altar of the Shining One.
   655 | D        | Found a white marble altar of Elyvilon.
   656 | D        | Noticed a deep elf pyromancer
   662 | D        | Killed a deep elf pyromancer
   663 | D        | Reached skill level 13 in Polearms
   663 | D        | Reached XP level 7. HP: 78/78 MP: 6/6
   766 | D        | Found a radiant altar of Vehumet.
   766 | D        | Found a shimmering blue altar of Sif Muna.
   766 | D        | Found an ancient bone altar of Kikubaaqudgha.
   795 | D        | Reached ***** piety under Trog
   796 | D        | Reached XP level 8. HP: 81/85 MP: 7/7
   827 | D        | Reached skill level 14 in Polearms
   984 | D        | Found a blossoming altar of Fedhas.
   984 | D        | Found a stormy altar of Qazlal.
   984 | D        | Found a snail-covered altar of Cheibriados.
   984 | D        | Found a burning altar of Makhleb.
   984 | D        | Found a shimmering altar of Xom.
   985 | D        | Found a hazy altar of Hepliaklqana.
   985 | D        | Found an opulent altar of Gozag.
   985 | D        | Found a sparkling altar of Nemelex Xobeh.
   985 | D        | Found a corrupted altar of Lugonu.
   985 | D        | Found a viscous altar of Jiyva.
  1086 | D        | Reached skill level 15 in Polearms
  1170 | D        | Noticed a two-headed ogre
  1195 | D        | Killed a two-headed ogre
  1447 | D        | Noticed a two-headed ogre
  1447 | D        | Noticed Erolcha
  1456 | D        | Killed a two-headed ogre
  1457 | D        | Reached XP level 9. HP: 96/96 MP: 8/8
  1463 | D        | Killed Erolcha
  1463 | D        | Received a gift from Trog
  1464 | D        | Reached skill level 15 in Fighting
  1464 | D        | Reached skill level 16 in Polearms
  1464 | D        | Reached skill level 10 in Dodging
  1464 | D        | Reached skill level 1 in Stealth
  1541 | D        | Reached skill level 17 in Polearms
  1718 | D        | Noticed a wandering mushroom
  1723 | D        | Noticed a wandering mushroom
  1729 | D        | Killed a wandering mushroom
  1730 | D        | Noticed a wandering mushroom
  1737 | D        | Killed a wandering mushroom
  1741 | D        | Killed a wandering mushroom
  1748 | D        | Noticed a cane toad
  1748 | D        | Noticed a komodo dragon
  1748 | D        | Noticed a cane toad
  1751 | D        | Killed a komodo dragon
  1751 | D        | Received a gift from Trog
  1754 | D        | Killed a cane toad
  1755 | D        | Reached skill level 18 in Polearms
  1755 | D        | Reached XP level 10. HP: 107/107 MP: 9/9
  1755 | D        | Killed a cane toad
  1895 | D        | Noticed a lindwurm
  1901 | D        | Killed a lindwurm
  1905 | D        | Reached ****** piety under Trog
  1906 | D        | Reached skill level 19 in Polearms
  2050 | D        | Noticed Urug
  2063 | D        | Killed Urug
  2063 | D        | Received a gift from Trog
  2439 | D        | Noticed an eight-headed hydra
  2439 | D        | Noticed an eight-headed hydra
  2447 | D        | Killed a five-headed hydra
  2454 | D        | Killed a one-headed hydra
  2455 | D        | Reached skill level 20 in Polearms
  2455 | D        | Reached skill level 10 in Armour
  2735 | D        | Noticed a death drake
  2746 | D        | Killed a death drake
  2747 | D        | Reached XP level 11. HP: 99/118 MP: 10/10
  3124 | D        | Noticed an anaconda
  3129 | D        | Killed an anaconda
  3134 | D        | Noticed an anaconda
  3134 | D        | Noticed an anaconda
  3147 | D        | HP: 9/181 [anaconda (14)]
  3148 | D        | Mangled by an anaconda

Illustrated notes

Levels and vault maps discovered:
D:        dungeon_sprint_mu [sprint_mu_entry_cave, sprint_mu_temple_rooms,
          sprint_mu_d1_spiders, sprint_mu_d2_genie, sprint_mu_d3_branching,
          sprint_mu_orc_legion, sprint_mu_elf_gauntlet, sprint_mu_hive_nellie,
          sprint_mu_lair_fedhas, sprint_mu_vaults_butterflies,
          sprint_mu_slime_circle, sprint_mu_swamp_cave, sprint_mu_snake_twists,
          sprint_mu_blade_basic, sprint_mu_crypt_lich, sprint_mu_tomb_spiral,
          sprint_mu_vestibule_basic, sprint_mu_gehenna_hellfire,
          sprint_mu_dis_giant, sprint_mu_tartarus_statrot,
          sprint_mu_cocytus_islands, sprint_mu_zot1]

Skill      XL: |  1  2  3  4  5  6  7  8  9 10 11 |
---------------+----------------------------------+-----
Fighting       | 5 6 7 8 10 12 14 16 17 18 | 18.5
Polearms       | 5 6 8 9 10 13 15 18 20 | 20.8
Armour         | 3 4 5 6 7 9 10 | 10.5
Dodging        | 3 4 6 7 9 10 12 | 12.5
Stealth        | 2 4 |  4.3
Evocations     | |  0.6

Action                   |  1- 3 |  4- 6 |  7- 9 | 10-12 || total
-------------------------+-------+-------+-------+-------++-------
Melee: Spear             |    21 |    21 |    68 |       ||   110
       Headbutt          |     2 |     3 |    16 |    19 ||    40
       Punch             |       |     1 |     2 |       ||     3
       Halberd           |       |       |    20 |    13 ||    33
       Glaive            |       |       |       |    71 ||    71
Invok: Berserk           |     2 |     2 |     4 |     3 ||    11
       Brothers in Arms  |       |       |     1 |       ||     1
Evoke: Phantom mirror    |       |       |     1 |       ||     1
  Use: Potion            |     1 |       |     1 |       ||     2
 Stab: Sleeping          |       |       |       |     1 ||     1
Armor: Animal skin       |     1 |       |       |       ||     1
       Leather armour    |       |       |     1 |     2 ||     3
       Scale mail        |       |       |       |    10 ||    10
Dodge: Dodged            |    10 |     3 |    23 |    31 ||    67

Table legend: (Time is in decaauts)
 A = Elapsed time spent in this place.
 B = Non-inter-level travel time spent in this place.
 C = Inter-level travel time spent in this place.
 D = Time resting spent in this place.
 E = Time spent auto-exploring this place.
 F = Levels seen in this place.
 G = Mean time per level.
                   A        B        C        D        E       F      G
               +--------+--------+--------+--------+--------+-----+--------+
         Total |   3187 |   3187 |      0 |   2466 |    237 |   1 | 3187.0 |
       Dungeon |   3187 |   3187 |      0 |   2466 |    237 |   1 | 3187.0 |
               +--------+--------+--------+--------+--------+-----+--------+

Top non-repeatable levels by time:
       D: 3187 daAuts
